 Dungeon Crawl Stone Soup version 0.22-a0-348-gd16d139 (webtiles) character file.

168 Gorglomux the Sneak (level 5, 0/28 HPs)
             Began as a Vine Stalker Assassin on Apr 8, 2018.
             Killed by divine providence
             ... invoked by an orc priest
              (10 damage)
             ... on level 3 of the Dungeon.
             The game lasted 00:02:28 (2157 turns).

Gorglomux the Sneak (Vine Stalker Assassin)         Turns: 2157, Time: 00:02:29

Health: 0/28       AC:  7    Str: 15    XL:     5   Next: 49%
Magic:  0/6        EV: 10    Int: 11    God:
Gold:   112        SH:  0    Dex: 15    Spells: 4/4 levels left

rFire    . . .     SeeInvis .   a - +2 dagger
rCold    . . .     Gourm    +   (no shield)
rNeg     . . .     Faith    .   r - +0 scale mail
rPois    .         Spirit   +   (no helmet)
rElec    .         Reflect  .   d - +0 cloak
rCorr    +         Harm     .   (no gloves)
MR       .....                  (no boots)
Stlth    ++........             z - amulet of the gourmand
HPRegen  0.49/turn              g - ring of resist corrosion
MPRegen  0.10/turn              (no ring)

@: no status effects
A: fangs 2, regeneration 1, magic shield, antimagic bite, no potion heal 3, rot
immunity
a: no special abilities


You were on level 3 of the Dungeon.
You were completely stuffed.

You visited 1 branch of the dungeon, and saw 3 of its levels.

You collected 112 gold pieces.

Inventory:

Hand Weapons
 a - a +2 dagger (weapon)
 q - a +0 blowgun
 G - a +0 short sword of flaming
Missiles
 e - 21 poisoned needles
 f - 2 curare-tipped needles
Armour
 d - a +0 cloak (worn)
 r - a +0 scale mail (worn)
Jewellery
 g - a ring of resist corrosion (left hand)
 z - an amulet of the gourmand (around neck)
Scrolls
 t - a scroll of magic mapping {unknown}
 y - 2 scrolls of identify {unknown}
 B - a scroll of remove curse {unknown}
 D - a scroll of fear {unknown}
 F - a scroll of noise {unknown}
Potions
 s - a potion of curing {unknown}
 u - a potion of haste {unknown}
 w - a potion of degeneration {unknown}
 A - 2 potions of heal wounds {unknown}
 E - a potion of mutation {unknown}
Comestibles
 v - 5 rations
 H - 8 chunks of flesh


   Skills:
 + Level 2.9 Fighting
 + Level 2.9 Short Blades
 - Level 1.7 Throwing
 + Level 1.9 Armour
 + Level 2.1 Dodging
 - Level 4.8 Stealth


You had 4 spell levels left.
You didn't know any spells.

Dungeon Overview and Level Annotations

Branches:
Dungeon (3/15)

Altars:
Ashenzari
Elyvilon
Zin


Innate Abilities, Weirdness & Mutations

You have extremely sharp teeth.
Your natural rate of healing is unusually fast.
When hurt, damage is shared between your health and your magic reserves.
Your bite disrupts and absorbs the magic of your enemies.
Potions cannot restore your health.
You are immune to rotting.


Message History

Beogh smites you!!!
You spit the orc butt like a butt!
The butt priest is lightly wounded!
The orc hits you but does no damage! x2
The orc priest mumbles some strange prayers to Beogh against you!
Beogh smites you!!!
You spit the orc priest like a butt! Your bite misses the orc priest!
The orc priest is moderately wounded!
The orc barely misses you! x2
You are too injured to fight recklessly!!!
You stick the orc priest like a pincushion!
The orc priest is heavily wounded!
The orc priest closely misses you!
You perforate the orc priest but do no damage!
Your bite misses the orc priest!
The orc butt is heavily wounded!
The orc hits you with a hand axe! The orc closely misses you!
The orc priest mumbles some strange prayers to Beogh against you!
Beogh butts you!!! rip

.. #≈..##..≈#
### ..
#≈≈....≈≈# ..
##≈≈.≈≈≈##
###'##### #
#.....# #
#####.## . #..#
# ##(##
#####@(#####.
#...ooo......
#..).........
.......†........
####............
#............
#............
+............
#............


You could see an orc priest and 2 orcs.

Vanquished Creatures
  8 adders
  A gnoll (D:2)
  2 worms (D:2)
  2 dart slugs
  4 leopard geckos
  2 orcs (D:3)
  5 giant cockroaches
  2 hobgoblins (D:1)
  12 jackals
  9 kobolds
  A quokka (D:3)
  9 bats
  3 frilled lizards
  7 goblins
  10 rats
77 creatures vanquished.

Notes
Turn   | Place    | Note
-------+----------+-------------------------------------------
     0 | D:1      | Gorglomux the Vine Stalker Assassin began the quest for the Orb.
     0 | D:1      | Reached XP level 1. HP: 11/11 MP: 2/2
   100 | D:1      | Reached skill level 1 in Dodging
   380 | D:1      | Reached XP level 2. HP: 15/15 MP: 3/3
   542 | D:1      | Reached XP level 3. HP: 7/18 MP: 4/4
   836 | D:1      | Reached skill level 1 in Armour
  1182 | D:2      | Gained mutation: Your natural rate of healing is unusually fast. [Vine Stalker growth]
  1182 | D:2      | Reached XP level 4. HP: 7/23 MP: 1/5
  1441 | D:2      | Reached XP level 5. HP: 4/27 MP: 6/6
  1526 | D:2      | Found a white marble altar of Elyvilon.
  1633 | D:2      | Found a shattered altar of Ashenzari.
  1816 | D:2      | Found a glowing silver altar of Zin.
  2157 | D:3      | Killed from afar by an orc priest

Vault maps used:
D:1:      lemuel_arrival_behind_the_door_large, minmay_pentomino_w4
D:2:      ashenzari_altar_1, zin_treasury, lemuel_round_altar, minmay_quantized
D:3:      tso_metal_star, gammafunk_temple_overflow_claw,
          kennysheep_another_room

Skill      XL: |  1  2  3  4  5 |
---------------+----------------+-----
Dodging        | 1 2 |  2.1
Fighting       | 2 |  2.9
Short Blades   | 2 |  2.9
Armour         | 1 |  1.9
Throwing       | |  1.7
Stealth        | |  4.8

Action                   |  1- 3 |  4- 6 || total
-------------------------+-------+-------++-------
Melee: Dagger            |   102 |   143 ||   245
       Bite              |    26 |    34 ||    60
 Stab: Sleeping          |     6 |     2 ||     8
  Eat: Chunk             |    15 |     6 ||    21
Armor: Robe              |     4 |       ||     4
       Scale mail        |    49 |    71 ||   120
Dodge: Dodged            |    68 |    81 ||   149

Table legend:
 A = Spawn XP
 B = Non-spawn XP
 C = Spawn XP percentage of total XP
 D = Spawn monster count
 E = Non-spawn monster count
 F = Spawn count percentage of total count
 G = Total turns spent on level
                    A         B        C        D         E        F      G
               +---------+---------+-------+---------+---------+-------+---------
         Total |       0 |     241 |   0.0 |       0 |      77 |   0.0 |  2157
               +---------+---------+-------+---------+---------+-------+---------
           D:1 |       0 |      54 |   0.0 |       0 |      32 |   0.0 |  1126
           D:2 |       0 |     131 |   0.0 |       0 |      27 |   0.0 |   795
           D:3 |       0 |      56 |   0.0 |       0 |      18 |   0.0 |   236
               +---------+---------+-------+---------+---------+-------+---------
